Map: Ruins of Seras

Players

TuuSAmo

  • Race: Zerg Zerg
  • League: Bronze

OfficerNasty - Winner!

  • Race: Zerg Zerg
  • League: Silver

VOD

Have the link to the VOD?

Description

Time

  • Played on: Nov. 23, 2015, 4:43 p.m.
  • Length: 22:30
Show
View Real Time Build Order
Export as new Build Order

TuuSAmo Zerg 

Build Orders: Pool First 

Get SALT Encoding   

  12  0:01  Drone  
  13  0:12  Drone  
  14  0:27  Overlord  
  14  0:47  Spawning Pool  
  14  0:48  Drone  
  14  1:07  Hatchery  
  13  1:20  Drone  
  13  1:22  Extractor  
  13  1:23  Drone x2  
  15  1:35  Queen  
  17  1:46  Drone x2  
  19  1:54  Drone  
  20  2:11  Drone  
  20  2:12  Roach Warren  
  20  2:19  Drone  
  22  2:22  Drone  
  22  2:28  Zergling x2  
  23  2:31  Metabolic Boost  
  23  2:45  Zergling x4  
  23  2:46  Zergling x2  
  23  2:47  Drone  
  27  2:55  Overlord  
  27  3:03  Lair  
  27  3:17  Drone x2  
  27  3:18  Drone x3  
  32  3:32  Roach x2  
  36  3:34  Overlord  
  34  3:49  Zergling x2  
  35  3:58  Queen  
  35  4:00  Spine Crawler  
  35  4:01  Roach x3  
  42  4:07  Overlord x2  
  42  4:25  Overlord  
  42  4:28  Roach  
  42  4:29  Roach x3  
  50  4:39  Drone x4  
  50  4:40  Drone  
  55  4:53  Queen  
  55  4:55  Drone x2  
  59  5:08  Roach  
  59  5:14  Hatchery  
  60  5:20  Glial Reconstitution  
  60  5:27  Roach  
  60  5:39  Roach x2  
  64  5:46  Extractor  
  64  5:49  Extractor  
  62  6:02  Extractor  
  62  6:03  Drone x7  
  68  6:20  Evolution Chamber  
  68  6:22  Evolution Chamber  
  68  6:24  Drone  
  68  6:25  Drone  
  68  6:27  Drone x2  
  68  6:28  Drone x2  
  68  6:30  Drone x2  
  68  6:31  Overlord  
  68  6:32  Overlord x3  
  74  7:00  Drone x3  
  77  7:25  Ravager x4  
  77  7:26  Ravager  
  82  7:31  Zerg Missile Weapons Level 1  
  82  7:32  Zergling x2  
  82  7:33  Zergling x12  
  82  7:34  Zergling x4  
  82  7:35  Roach  
  93  7:42  Drone x2  
  93  7:43  Drone x2  
  97  7:58  Drone x3  
  99  8:03  Roach x3  
  106  8:09  Overlord x2  
  106  8:10  Overlord x2  
  106  8:44  Zergling x2  
  106  8:45  Zergling x26  
  118  9:29  Hydralisk Den  
  117  9:45  Zerg Ground Armor Level 1  
  117  9:46  Zerg Missile Weapons Level 2  
  117  9:52  Spire  
  116  10:09  Zergling x2  
  116  10:10  Zergling x22  
  128  10:17  Roach x5  
  128  10:19  Hatchery  
  137  10:22  Overlord x7  
  137  10:47  Hydralisk  
  137  10:48  Hydralisk x7  
  153  10:54  Pneumatized Carapace  
  153  11:00  Overseer x2  
  153  11:12  Mutalisk x4  
  153  11:13  Mutalisk x5  
  171  11:33  Overseer  
  171  11:42  Drone  
  171  11:43  Drone x7  
  171  11:44  Drone x5  
  177  12:21  Mutalisk x3  
  177  12:22  Mutalisk x4  
  191  12:42  Zerg Flyer Weapons Level 1  
  185  13:33  Mutalisk x2  
  185  13:34  Mutalisk x5  
  199  13:45  Extractor  
  199  13:46  Extractor  
  197  13:54  Zerg Ground Armor Level 2  
  122  14:38  Roach  
  122  14:39  Roach x6  
  122  14:40  Roach  
  136  15:14  Roach  
  136  15:15  Roach x7  
  136  15:16  Roach x5  
  132  15:41  Zergling x16  
  99  16:08  Infestation Pit  
  97  16:15  Zergling x2  
  97  16:16  Zergling x22  
  104  16:20  Zerg Melee Weapons Level 1  
  102  16:34  Extractor  
  102  16:36  Extractor  
  89  16:49  Zergling x2  
  89  16:50  Zergling x24  
  102  17:12  Roach x2  
  102  17:13  Roach x5  
  116  17:16  Queen  
  110  17:33  Roach x3  
  110  17:34  Roach x7  
  110  17:35  Roach x4  
  98  17:52  Queen  
  98  17:53  Roach  
  98  17:54  Roach x7  
  96  18:40  Zergling x2  
  96  18:41  Zergling x26  
  103  18:44  Hatchery  
  107  18:50  Hive  
  107  18:54  Zerg Melee Weapons Level 2  
  107  18:57  Roach x7  
  107  18:58  Ravager, Roach  
  107  18:59  Ravager x6  
  107  19:00  Ravager  
  124  19:23  Ravager x3  
  127  19:26  Overlord, Roach  
  127  19:27  Overlord x6  
  131  19:53  Roach x7  
  131  19:54  Hatchery  
  128  20:25  Roach  
  130  21:10  Drone  
  132  21:11  Drone x4  
  132  21:12  Drone x2  
  137  21:29  Extractor  
  136  21:47  Zergling x18  
  116  21:48  Zergling x12  
  110  22:00  Ultralisk Cavern, Zergling x2  
  110  22:01  Zergling x8  
Show
View Real Time Build Order
Export as new Build Order

OfficerNasty Zerg - Winner!

Build Orders: Hatch First, Lurkers 

Get SALT Encoding   

  12  0:02  Drone  
  13  0:09  Drone  
  14  0:38  Hatchery  
  13  0:43  Drone  
  14  0:50  Overlord  
  14  1:04  Spawning Pool  
  14  1:08  Drone  
  14  1:12  Drone  
  14  1:16  Drone  
  16  1:21  Drone  
  17  1:32  Extractor  
  16  1:52  Queen  
  16  1:53  Queen  
  20  2:02  Zergling x2  
  21  2:11  Drone x3  
  24  2:18  Overlord  
  24  2:33  Drone  
  24  2:35  Drone  
  26  2:37  Drone  
  26  2:38  Metabolic Boost  
  26  2:42  Drone  
  28  2:44  Drone  
  29  2:54  Roach Warren  
  29  2:56  Drone  
  29  3:09  Zergling x6  
  32  3:15  Spine Crawler  
  32  3:18  Spine Crawler  
  30  3:21  Zergling x2  
  30  3:22  Zergling x2  
  32  3:36  Lair  
  31  3:53  Evolution Chamber  
  30  3:57  Evolution Chamber  
  30  3:58  Extractor  
  30  4:00  Roach  
  30  4:01  Drone x4  
  30  4:02  Drone  
  35  4:06  Overlord  
  35  4:12  Extractor  
  35  4:15  Extractor  
  33  4:21  Roach  
  35  4:28  Overlord  
  35  4:29  Overlord  
  35  4:31  Roach  
  37  4:35  Zerg Missile Weapons Level 1  
  37  4:37  Drone  
  38  4:41  Drone  
  38  4:45  Roach  
  41  5:04  Drone  
  41  5:05  Drone x6  
  41  5:06  Drone  
  49  5:15  Ravager, Overseer  
  50  5:21  Zerg Melee Weapons Level 1  
  46  5:51  Hydralisk Den  
  45  5:59  Drone x4  
  45  6:00  Drone x3  
  52  6:07  Overlord x2  
  52  6:12  Queen  
  52  6:18  Hatchery, Drone x2  
  55  6:52  Lurker Den  
  55  6:57  Drone  
  55  6:58  Drone x8  
  64  7:06  Zerg Missile Weapons Level 2  
  64  7:13  Hydralisk x2  
  68  7:15  Zerg Ground Armor Level 1  
  68  7:16  Hydralisk  
  68  7:21  Hydralisk  
  72  7:28  Glial Reconstitution  
  72  7:40  Queen  
  74  8:02  Hydralisk  
  74  8:03  Hydralisk x2  
  74  8:04  Overlord  
  74  8:05  Overlord x8  
  80  8:19  Lurker  
  81  8:28  Lurker x3  
  81  8:31  Hydralisk x2  
  81  8:32  Hydralisk x6  
  100  8:36  Zergling x6  
  103  8:57  Hydralisk x5  
  103  8:59  Overlord x2  
  103  9:00  Overlord x2  
  113  9:04  Extractor  
  113  9:08  Extractor  
  111  9:11  Pneumatized Carapace  
  111  9:17  Lurker  
  111  9:21  Drone x3  
  111  9:23  Drone x3  
  118  9:24  Overlord x2  
  118  9:25  Overlord  
  118  9:29  Zerg Melee Weapons Level 2  
  118  9:38  Infestation Pit  
  117  9:51  Overlord x2  
  117  10:31  Hydralisk x5  
  117  10:32  Hatchery  
  126  10:35  Hive  
  126  10:40  Lurker x5  
  126  10:42  Lurker  
  132  12:13  Lurker x8  
  132  12:14  Lurker x5  
  145  12:19  Hydralisk  
  145  12:20  Hydralisk x5  
  154  12:25  Spore Crawler  
  154  12:28  Spore Crawler  
  154  12:29  Spore Crawler  
  145  12:32  Spore Crawler, Viper  
  145  12:35  Spore Crawler  
  128  13:16  Zerg Ground Armor Level 2  
  128  13:17  Zerg Melee Weapons Level 3  
  128  13:19  Hatchery  
  127  13:21  Hydralisk x3  
  127  13:22  Hydralisk x4  
  127  13:23  Zergling x2  
  127  13:24  Zergling x22  
  127  13:25  Zergling x18  
  102  14:37  Hydralisk  
  102  14:38  Hydralisk x12  
  89  14:39  Hydralisk x6  
  89  14:44  Queen  
  110  15:09  Hydralisk  
  110  15:10  Hydralisk x9  
  110  15:12  Spore Crawler  
  129  15:18  Spore Crawler  
  78  16:01  Hydralisk x3  
  78  16:03  Zergling x12  
  78  16:04  Zergling x12  
  94  16:06  Adrenal Glands  
  96  16:29  Overseer  
  96  16:34  Hydralisk  
  96  16:35  Hydralisk x7  
  104  17:00  Hydralisk  
  106  17:03  Extractor  
  106  17:07  Extractor  
  66  17:45  Zergling x2  
  66  17:46  Zergling x20  
  66  17:47  Zergling x14  
  74  17:57  Zergling x6  
  77  18:02  Spore Crawler  
  76  18:06  Spore Crawler  
  76  18:08  Spine Crawler  
  69  18:30  Zerg Missile Weapons Level 3  
  69  18:31  Zerg Ground Armor Level 3  
  69  18:32  Zergling x2  
  69  18:33  Zergling x22  
  69  18:34  Zergling x6  
  81  18:54  Lurker x3  
  84  18:57  Zergling x2  
  84  18:58  Zergling x12  
  85  19:36  Extractor  
  84  19:39  Hatchery  
  84  19:40  Ultralisk Cavern  
  84  19:41  Zergling x2  
  84  19:42  Zergling x18  
  84  19:43  Extractor, Zergling x2  
  81  20:27  Zergling x8  
  81  20:28  Zergling x20  
  95  20:38  Drone  
  95  20:39  Drone  
  95  20:41  Hydralisk  
  99  20:43  Zergling x2  
  99  20:44  Zergling x2  
  101  20:59  Drone x5  
  101  21:00  Drone  
  107  21:07  Zergling x2  
  107  21:08  Zergling x22  
  107  21:09  Zergling x2  
Tags
 
Add a new tag
Caveats
  • Supply blocks, unpowered buildings, or Contaminate may cause inaccurate times.
  • Supply counts are checked every 10 seconds.